 Dungeon Crawl Stone Soup version 0.29-a0-555-g3b24f45cc1 (webtiles) character file.

Game seed: 18076737703402709330

319 Crownlay the Chopper (level 6, -5/56 HPs)
             Began as a Hill Orc Fighter on June 7, 2022.
             Was an Initiate of Gozag.
             Slain by a gnoll
             ... wielding a +0 halberd
              (10 damage)
             ... on level 4 of the Dungeon.
             The game lasted 00:04:02 (3028 turns).

Crownlay the Chopper (Hill Orc Fighter)             Turns: 3028, Time: 00:04:02

Health: -5/56      AC:  8    Str: 21    XL:     6   Next: 46%
Magic:  6/6        EV:  9    Int:  8    God:    Gozag
Gold:   10         SH:  4    Dex: 10    Spells: 5/5 levels left

rFire   . . .      SeeInvis .   a - +0 war axe
rCold   . . .      Faith    .   c - +0 buckler
rNeg    . . .      Spirit   .   b - +0 scale mail
rPois   .          Reflect  .   r - +0 helmet
rElec   .          Harm     .   (no cloak)
rCorr   .          Rampage  .   (no gloves)
Will    .....                   (no boots)
Stlth   ..........              (no amulet)
HPRegen 0.18/turn               (no ring)
MPRegen 0.10/turn               (no ring)

@: lethally poisoned (-5 -> -22), silenced, gold aura
A: no striking features
a: Renounce Religion


You were on level 4 of the Dungeon.
You worshipped Gozag.
Gozag was noncommittal.
You visited 2 branches of the dungeon, and saw 5 of its levels.

You collected 111 gold pieces.
You spent 60 gold pieces at shops.
You paid 41 gold pieces to Gozag.

Inventory:

Hand Weapons
 a - a +0 war axe (weapon)
Armour
 b - a +0 scale mail (worn)
 c - a +0 buckler (worn)
 r - a +0 helmet (worn)
Jewellery
 e - a ring of fire
Wands
 s - a wand of mindburst (9)
Scrolls
 f - a scroll of teleportation {unknown}
 g - a scroll of torment {unknown}
 h - a scroll of silence
 i - a scroll of poison {unknown}
 j - a scroll of enchant weapon {unknown}
 k - a scroll of acquirement {unknown}
 p - 2 scrolls of immolation {unknown}
 t - a scroll of identify
Potions
 d - 2 potions of curing {unknown}
 l - 2 potions of invisibility {unknown}
 m - a potion of flight
 n - 2 potions of attraction {unknown}
 o - a potion of haste {unknown}
 q - a potion of heal wounds {unknown}


   Skills:
 - Level 5.0 Fighting
 * Level 5.8 Axes
 + Level 4.5 Armour
 + Level 4.4 Shields


You had 5 spell levels left.
You didn't know any spells.
Your spell library was empty.

Dungeon Overview and Level Annotations

Branches:
Dungeon (4/15)             Temple (1/1) D:4

Altars:
Dithmenos
Gozag
Makhleb
Sif Muna
Uskayaw
Vehumet
The Shining One

Shops:
D:2 ***   D:4 [


Message History

You closely miss the gnoll. You slash the gnoll!
The gnoll hits you with a +2 halberd of venom!
You are poisoned.
You block the gnoll's attack. The gnoll hits you but does no damage.
The gnoll hits you with a +2 halberd of venom!
You are lethally poisoned!
The gnoll barely misses you. The gnoll hits you with a +0 whip.
You are too injured to fight recklessly!
You are too injured to fight recklessly!
You are too injured to fight recklessly!
You are too injured to fight recklessly!
You are too injured to fight recklessly!
You are too injured to fight recklessly!
You are too injured to fight recklessly!
You are too injured to fight recklessly!
You are too injured to fight recklessly!
You are too injured to fight recklessly!
You are too injured to fight recklessly!
You are too injured to fight recklessly!
You are too injured to fight recklessly!
You are too injured to fight recklessly!
You are too injured to fight recklessly!
You are too injured to fight recklessly!
You are too injured to fight recklessly!
Okay, then.
As you read the scroll labelled LIENIW NADAIF, it crumbles to dust.
A profound silence engulfs you.
It was a scroll of silence.
You feel extremely sick. The gnoll barely misses you.
The gnoll hits you from afar with a +0 halberd!
* * * LOW HITPOINT WARNING * * *
The gnoll hits you but does no damage.
Magic scrolls do not work when you're silenced!
You closely miss the gnoll. You hit the gnoll.
* * * LOW HITPOINT WARNING * * *
You feel very sick. The gnoll completely misses you.
The gnoll hits you from afar with a +0 halberd!
You die...
Your body crumbles into a pile of gold.

#.......## #.# ##.
#.###.#..## #.# #..
#.##....#.###### #.# #.#
#÷##......(....# #.# #.#
#....÷...(####.###.####..
#..........# #...........
##.....$.#.# #####.####..
###.....#.#######.####..
#...g@#.........##....
##.#.g###########..##.
#.#.g...# #.####
#.#.....########..###
#.#.<................
#.......########..#..
###.....# #...#. #.#.###
#...## ####.....# ####.#


You could see 3 gnolls.

Vanquished Creatures
  A black bear (D:4)
  A howler monkey (D:4)
  Terence (D:3)
  8 adders
  A gnoll (D:4)
  5 worms
  4 orcs (D:4)
  4 ball pythons
  4 bats
  7 endoplasms
  3 giant cockroaches
  3 goblins (D:2)
  3 hobgoblins
  3 jackals (D:1)
  5 kobolds
  3 quokkas
  4 frilled lizards
  4 rats
64 creatures vanquished.

Notes
Turn   | Place    | Note
-------+----------+-------------------------------------------
     0 | D:1      | Crownlay the Hill Orc Fighter began the quest for the Orb.
     0 | D:1      | Reached XP level 1. HP: 19/19 MP: 1/1
    49 | D:1      | Reached XP level 2. HP: 15/27 MP: 2/2
   566 | D:1      | You fall into a shaft and drop 1 floor!
   591 | D:2      | Reached XP level 3. HP: 28/33 MP: 3/3
   888 | D:2      | Found Coduena's General Store.
   896 | D:2      | Bought a potion of flight for 36 gold pieces
   896 | D:2      | Bought a scroll of identify for 24 gold pieces
   916 | D:2      | Found Ceim's General Store.
   960 | D:2      | Found Jighyny's General Store.
  1058 | D:2      | Reached XP level 4. HP: 36/40 MP: 4/4
  1614 | D:3      | Noticed Terence
  1626 | D:3      | Killed Terence
  1627 | D:3      | Reached XP level 5. HP: 17/47 MP: 5/5
  2298 | D:4      | Reached skill level 5 in Axes
  2375 | D:4      | Found Nynnuast's Antique Armour Shop.
  2383 | D:4      | Noticed a black bear
  2398 | D:4      | Killed a black bear
  2399 | D:4      | Reached XP level 6. HP: 16/55 MP: 6/6
  2835 | D:4      | Found a staircase to the Ecumenical Temple.
  2858 | Temple   | Entered the Ecumenical Temple
  2913 | Temple   | Became a worshipper of Gozag Ym Sagoz the Greedy
  3023 | D:4      | Reached skill level 5 in Fighting
  3028 | D:4      | Slain by a gnoll

Illustrated notes

Levels and vault maps discovered:
D:1:      zaba_arrival_water, layout_basic, basic_ecumenical_altar,
          minmay_misc_feat_hallway
D:2:      layout_rooms, serial_shops, nicolae_shop_statue_plus,
          nicolae_shop_temple_entry_statues_fountains,
          nicolae_shop_hallway_stairs
D:3:      layout_basic, uniq_terence
D:4:      layout_loops_ring, minmay_temple_entry_wispy, serial_shops,
          nicolae_shop_hallway_plus, minmay_fractal_squares_gapless_5,
          uniq_blork_the_orc
Temple:   mainiacjoe_temple_archimedes_tessellation

Skill      XL: |  1  2  3  4  5  6 |
---------------+-------------------+-----
Axes           | 3 4 5 |  5.8
Fighting       | 4 5 |  5.0
Armour         | 4 |  4.5
Shields        | 4 |  4.4

Action                   |  1- 3 |  4- 6 || total
-------------------------+-------+-------++-------
Melee: War axe           |    81 |   139 ||   220
  Use: Scroll            |       |     2 ||     2
       Potion            |       |     1 ||     1
Armor: Scale mail        |    46 |    88 ||   134
Dodge: Dodged            |    35 |    84 ||   119
Block: Buckler           |    16 |    29 ||    45

Table legend: (Time is in decaauts)
 A = Elapsed time spent in this place.
 B = Non-inter-level travel time spent in this place.
 C = Inter-level travel time spent in this place.
 D = Time resting spent in this place.
 E = Time spent auto-exploring this place.
 F = Levels seen in this place.
 G = Mean time per level.
                   A        B        C        D        E       F      G
               +--------+--------+--------+--------+--------+-----+--------+
         Total |   3104 |   3017 |     87 |    218 |   2306 |   5 |  620.8 |
       Dungeon |   3007 |   2973 |     34 |    218 |   2270 |   4 |  751.8 |
        Temple |     96 |     43 |     53 |      0 |     36 |   1 |   96.0 |
               +--------+--------+--------+--------+--------+-----+--------+

Top non-repeatable levels by time:
     D:3: 901 daAuts
     D:2: 858 daAuts
     D:4: 657 daAuts
     D:1: 589 daAuts
  Temple: 96 daAuts
